 Dungeon Crawl Stone Soup version 0.27-a0-1184-ge86db4a01e (webtiles) character file.

Game seed: 6734514521347167714

136 robertstho the Skirmisher (level 4, -3/41 HPs)
             Began as a Minotaur Berserker on May 18, 2021.
             Was a Believer of Trog.
             Killed by divine providence
             ... invoked by an orc priest
              (16 damage)
             ... on level 3 of the Dungeon.
             The game lasted 00:02:19 (1941 turns).

robertstho the Skirmisher (Minotaur Berserker)      Turns: 1941, Time: 00:02:20

Health: -3/41      AC:  6    Str: 22    XL:     4   Next: 98%
Magic:  3/3        EV: 11    Int:  5    God:    Trog [**....]
Gold:   116        SH:  0    Dex:  9    Spells: 3/3 levels left

rFire    . . .     SeeInvis .   a - +0 hand axe
rCold    . . .     Faith    .   (no shield)
rNeg     . . .     Spirit   .   g - +0 ring mail
rPois    .         Reflect  .   (helmet restricted)
rElec    .         Harm     .   (no cloak)
rCorr    .         Rampage  .   j - +0 pair of gloves
Will     .....                  (no boots)
Stlth    ..........             (no amulet)
HPRegen  0.13/turn              (no ring)
MPRegen  0.08/turn              (no ring)

@: on berserk cooldown, slowed, very slow
A: horns 2, retaliatory headbutt
a: Renounce Religion, Berserk, Trog's Hand


You were on level 3 of the Dungeon.
You worshipped Trog.
Trog was pleased with you.
You visited 1 branch of the dungeon, and saw 3 of its levels.

You collected 116 gold pieces.

Inventory:

Hand Weapons
 a - a +0 hand axe (weapon)
 m - a +0 whip of electrocution
Armour
 g - a +0 ring mail (worn)
 j - a +0 pair of gloves (worn)
Scrolls
 b - a scroll of fear {unknown}
 d - a scroll of identify
 e - a scroll of magic mapping
 h - a scroll of teleportation {unknown}
 l - 2 scrolls of fog
 n - a scroll of amnesia {unknown}
Potions
 c - 2 potions of mutation {unknown}
 f - 2 potions of curing {unknown}
 i - a potion of flight
 k - 2 potions of cancellation {unknown}


   Skills:
 * Level 4.9 Fighting
 + Level 4.9 Axes
 * Level 3.4 Armour
 * Level 3.0 Dodging


You had 3 spell levels left.
You didn't know any spells.
Your spell library was empty.

Dungeon Overview and Level Annotations

Branches:
Dungeon (3/15)

Altars:


Innate Abilities, Weirdness & Mutations

You have a pair of horns on your head.
You reflexively headbutt those who attack you in melee.


Message History

You slash the orc!
You kill the orc!
Trog accepts your kill.
You barely miss the ball python.
The orc priest invokes the aid of Beogh against you.
Beogh smites you!
You slash the ball python!
You kill the ball python!
Trog accepts your kill.
You barely miss the orc. You headbutt the orc!
You kill the orc!
Trog accepts your kill.
The orc priest calls down the wrath of Beogh upon you.
Beogh smites you!
You are no longer berserk.
You are exhausted.
You feel yourself slow down.
Items here: $ )))) [[[ †††.
The orc priest hits you with a +0 club.
Found a stone staircase leading up.
You barely miss the orc priest. Your headbutt misses the orc priest.
The orc priest hits you but does no damage.
The orc priest looks braver for a moment.
You closely miss the orc priest.
The orc priest invokes the aid of Beogh against you.
You barely resist.
You hit the orc priest but do no damage.
The orc priest hits you with a +0 club. The orc priest closely misses you.
You hit the orc priest. Your headbutt misses the orc priest.
The orc priest is moderately wounded.
The orc priest closely misses you. The orc priest hits you with a +0 club.
You closely miss the orc priest.
The orc priest is moderately wounded.
The orc priest hits you with a +0 club.
You closely miss the orc priest.
The orc priest is moderately wounded.
The orc priest barely misses you.
The orc priest mumbles some strange prayers to Beogh against you.
Beogh smites you!
You die...

#. .# #.####.##
##### ..#...< ###
##... #.....#
###.. ...# .....
..#.####..## ...
#.#.##...... #o#
#.#.##.#..#. #.##.
#@#.###<#.##.#....
#.#..
#)#...............
#.#.#
#.#####.######.##.
#.#.###.# #.....#
#.##. #.......#
#..†..# #.##.
##.......# #.....#
#.### #........#
#.....# #.###
#..#.##..# #.....#
#.... #..#..#..#
####### ##...


You could see an orc priest.

Vanquished Creatures
  A hound (D:2)
  A gnoll (D:1)
  3 adders (D:2)
  3 worms (D:2)
  5 orcs (D:3)
  5 endoplasms
  3 giant cockroaches
  4 goblins
  2 hobgoblins (D:2)
  3 jackals (D:1)
  6 kobolds
  2 quokkas
  9 ball pythons
  4 bats
  A frilled lizard (D:1)
  5 rats
57 creatures vanquished.

Notes
Turn   | Place    | Note
-------+----------+-------------------------------------------
     0 | D:1      | robertstho the Minotaur Berserker began the quest for the
                  | Orb.
     0 | D:1      | Reached XP level 1. HP: 19/19 MP: 0/0
   274 | D:1      | Reached XP level 2. HP: 25/27 MP: 1/1
   586 | D:1      | Reached XP level 3. HP: 34/34 MP: 2/2
  1045 | D:2      | Reached ** piety under Trog
  1060 | D:2      | Reached XP level 4. HP: 30/41 MP: 3/3
  1941 | D:3      | Killed from afar by an orc priest

Illustrated notes

Levels and vault maps discovered:
D:1:      erik_arrival_blinker_ship, layout_basic, moated_statue,
          minmay_misc_feat_secret_circle
D:2:      layout_basic
D:3:      layout_loops_cross, lemuel_round_altar, old_standard_altar,
          chequers_temple_overflow_minitemple

Skill      XL: |  1  2  3  4 |
---------------+-------------+-----
Fighting       | 4 |  4.9
Axes           | 4 |  4.9
Armour         | 3 |  3.4
Dodging        | 3 |  3.0

Action                   |  1- 3 |  4- 6 || total
-------------------------+-------+-------++-------
Melee: Hand axe          |    70 |    55 ||   125
       Headbutt          |     7 |     8 ||    15
Invok: Berserk           |       |     1 ||     1
  Use: Scroll            |     3 |       ||     3
Armor: Animal skin       |     3 |       ||     3
       Ring mail         |    24 |    12 ||    36
Dodge: Dodged            |    63 |    21 ||    84

Table legend: (Time is in decaauts)
 A = Elapsed time spent in this place.
 B = Non-inter-level travel time spent in this place.
 C = Inter-level travel time spent in this place.
 D = Time resting spent in this place.
 E = Time spent auto-exploring this place.
 F = Levels seen in this place.
 G = Mean time per level.
                   A        B        C        D        E       F      G
               +--------+--------+--------+--------+--------+-----+--------+
         Total |   1948 |   1863 |     85 |      0 |   1552 |   3 |  649.3 |
       Dungeon |   1948 |   1863 |     85 |      0 |   1552 |   3 |  649.3 |
               +--------+--------+--------+--------+--------+-----+--------+

Top non-repeatable levels by time:
     D:2: 941 daAuts
     D:1: 905 daAuts
     D:3: 102 daAuts
